 Dungeon Crawl Stone Soup version 0.20.1-1-g8b1a95d (webtiles) character file.

101002 letownia2 the Severer (level 15, 50/140 HPs)
             Began as a Deep Dwarf Necromancer on Nov 1, 2017.
             Was an Initiate of Gozag.
             Quit the game on level 14 of the Dungeon.
             The game lasted 01:17:51 (23889 turns).

letownia2 the Severer (Deep Dwarf Necromancer)     Turns: 23889, Time: 01:17:52

Health: 50/140     AC: 20    Str: 17    XL:     15   Next: 82%
Magic:  38/38      EV: 10    Int: 28    God:    Gozag
Gold:   860        SH:  0    Dex: 16    Spells: 12/33 levels left

rFire    + . .     SeeInvis .   a - +4 war axe (flame)
rCold    . . .     Gourm    .   (no shield)
rNeg     + . .     Faith    .   l - +1 chain mail {rPois}
rPois    +         Spirit   .   e - +3 hat of Pondering {ponderous, MR+ MP+10 Int+5}
rElec    .         Reflect  .   H - +0 cloak
rCorr    .         Harm     .   Y - +0 pair of gloves
MR       ++++.                  h - +1 pair of boots
Stlth    ..........             L - amulet of magic regeneration
Regen    0.0/turn               x - ring "Laoqan" {+Fly MR+ Int+6 Dex+3}
MPRegen  0.4/turn               Z - ring of protection from fire

@: non-regenerating, drained, slow
A: damage resistance, heal wounds, negative energy resistance 1, sense
surroundings 2, no regeneration
a: Heal Wounds, Potion Petition, Call Merchant, Bribe Branch, Renounce Religion,
Evoke Flight


You were on level 14 of the Dungeon.
You worshipped Gozag.
Gozag was pleased with you.
You were not hungry.

You visited 4 branches of the dungeon, and saw 24 of its levels.
You also visited: Bailey.

You collected 8490 gold pieces.
You spent 635 gold pieces at shops.
You paid 6995 gold pieces to Gozag.

Inventory:

Hand Weapons
 a - a +4 war axe of flaming (weapon)
 b - the +7 hunting sling "Qelaserr" {velocity, +Inv rElec SInv}
   (You found it on level 4 of the Dungeon)

   Any stone fired from it inflicts extra damage.
   It insulates you from electricity.
   It lets you see invisible.
   It lets you turn invisible.
 c - a -2 blowgun
 I - a +1 battleaxe
Missiles
 f - 116 sling bullets
 s - 4 throwing nets
 P - 3 steel javelins (quivered)
 X - 4 curare-tipped needles
Armour
 e - the +3 hat of Pondering (worn) {ponderous, MR+ MP+10 Int+5}
   (You took it off Gastronok on level 8 of the Dungeon)

   It affects your intelligence (+5).
   It affects your resistance to hostile enchantments.
   It affects your magic capacity (+10).
 h - a +1 pair of boots (worn)
 l - a +1 chain mail of poison resistance (worn)
 H - a +0 cloak (worn)
 S - the +7 chain mail of Zin's Fury {Int+4}
   (You found it on level 14 of the Dungeon)

   It affects your intelligence (+4).
 Y - a +0 pair of gloves (worn)
Jewellery
 j - an uncursed ring of ice
 w - an uncursed ring of wizardry
 x - the ring "Laoqan" (left hand) {+Fly MR+ Int+6 Dex+3}
   (You found it on level 11 of the Dungeon)

   [ring of intelligence]

   It affects your intelligence (+6).
   It affects your dexterity (+3).
   It affects your resistance to hostile enchantments.
   It lets you fly.
 L - an amulet of magic regeneration (around neck)
 W - an uncursed ring of resist corrosion
 Z - a ring of protection from fire (right hand)
Wands
 d - a wand of acid (6/15)
 i - a wand of iceblast (0/15)
 t - a wand of scattershot (4/9)
 F - a wand of confusion (11/48)
 Q - a wand of flame (16/48)
Scrolls
 k - 3 scrolls of fog
 m - a scroll of remove curse
 o - a scroll of enchant armour
 q - 10 scrolls of teleportation
 v - 11 scrolls of identify
 y - 2 scrolls of magic mapping
 V - a scroll of fear
Potions
 g - 9 potions of flight
 n - 3 potions of ambrosia
 p - 4 potions of might
 u - 4 potions of brilliance
 A - 7 potions of curing
 B - 3 potions of haste
 D - a potion of invisibility
 G - 3 potions of mutation
 K - 2 potions of cancellation
 M - 2 potions of berserk rage
 N - 3 potions of heal wounds
 O - 3 potions of agility
Miscellaneous
 z - a lamp of fire (inert)
 E - a sack of spiders
 T - a phantom mirror
Comestibles
 R - 10 bread rations


   Skills:
 + Level 10.8(10.5) Fighting
 + Level 17.4(17.0) Axes
 + Level 9.1(8.7) Armour
 + Level 5.9(5.6) Dodging
 - Level 2.4(2.1) Stealth
 + Level 9.5(9.1) Spellcasting
 + Level 15.0(14.7) Necromancy
 - Level 5.3(5.0) Evocations


You had 12 spell levels left.
You knew the following spells:

 Your Spells              Type           Power        Failure   Level  Hunger
a - Pain                  Necr           ####         1%          1    None
i - Silence               Hex/Air        ##........   100%        5    ####...
j - Portal Projectile     Hex/Tloc       ##....       80%         3    None
r - Deflect Missiles      Chrm/Air       ##........   100%        6    #####..
v - Vampiric Draining     Necr           #######...   1%          3    None
x - Inner Flame           Hex/Fire       ##......     80%         3    None


Dungeon Overview and Level Annotations

Branches:
Dungeon (15/15)            Temple (1/1) D:6            Lair (6/6) D:8
  Swamp (0/4) Lair:3       Spider (0/4) Lair:2        Slime (0/5) Lair:5
    Orc (2/2) D:10            Elf (0/3) Orc:2        Vaults (0/5) D:14
 Depths: D:15

Altars:
Ashenzari
Cheibriados
Gozag
Kikubaaqudgha
Makhleb
Nemelex Xobeh
Qazlal
Ru
Sif Muna
Trog
Vehumet
Xom
Yredelemnul
Zin

Shops:
D:4 }:}=?   D:6 (   D:8 [   D:12 !   D:15 [   Orc:2 ??=*[(   Lair:2 (*[*[

Annotations:
D:5 Regeox's ghost, novice HuGl
Lair:2 DIG
Lair:3 exclusion: oklob plant
Lair:6 Atash's ghost, journeyman MiBe


Innate Abilities, Weirdness & Mutations

You are resistant to damage.
You can heal yourself by infusing magical energy.
You resist negative energy. (rN+)
You passively map the area around you.
You do not regenerate.


Message History

The shadow is almost destroyed.
You hit the shadow. You burn the shadow.
You destroy the shadow!
You now have 860 gold pieces (gained 5).
(D) Dungeon (T) Temple (L) Lair (S) Swamp (N) Spider Nest (M) Slime Pits (O) Orcish Mines (E) Elven Halls (V) Vaults
Where to? (Enter - D:14 @ (x,y), ? - help)
Okay, then.
Put on which piece of jewellery? (? for menu, Esc to quit)
Okay, then.
You aren't carrying or standing over any spellbooks.
Unknown command.
Wear which item? (? for menu, Esc to quit)
Okay, then.
Okay, then.
Are you sure you want to abandon this character and quit the game? (Confirm with "yes".)
Okay, then.
Unknown command.
Are you sure you want to abandon this character and quit the game? (Confirm with "yes".)

# ####.# #)#####.# # #....#
#)()).).# #
#.##.###########..# #
#.##..............# #
#.##.###########.[# #.##.#
#[.# ###.##.# ###..##
####......####### #...).######
#............@.)###.###.......
#.##......####......# #..#####
#.##......#....>....###..#####
#.##(.....#.#.#.###...........
#.######..#.#.#.# #.#..#[#####
#.# #..#.#.#.# #.#..#.# # #.#
#.>#.#.#.###.#..#.# # #.#
#............#..#.## #.#
#..........#.#.....#


There were no monsters in sight!

Vanquished Creatures
  Gastronok (D:8)
  An ettin (D:15)
  Harold (Lair:2)
  Fannar (Lair:2)
  5 hydras
  7 two-headed ogres
  7 centaur warriors
  An anaconda (Lair:4)
  An ogre mage (D:14)
  2 orc high priests (Orc:2)
  4 tengu warriors
  Urug (D:10)
  A deep elf knight (D:14)
  2 skeletal warriors (D:14)
  A deep troll (D:15)
  5 unseen horrors
  2 wizards
  A lindwurm (Lair:4)
  16 ugly things
  An orc knight (D:14)
  Pikel (D:6)
  A wolf spider zombie (D:15)
  A wolf spider (Lair:6)
  2 manticores (D:14)
  3 cyclopes
  7 orc sorcerers
  9 deep elf magi
  11 elephants
  A guardian serpent (Lair:6)
  2 centaur zombies
  9 black mambas
  Joseph (D:10)
  A torpor snail (Lair:6)
  A guardian serpent (shapeshifter) (D:14)
  4 centaur skeletons
  18 spiny frogs
  5 yaktaurs
  An efreet (D:15)
  4 komodo dragons
  3 kobold demonologists
  2 freezing wraiths (D:13)
  A rime drake (Lair:4)
  A tengu conjurer (D:15)
  6 trolls
  A polar bear (Lair:1)
  3 slime creatures (D:14)
  A hornet (Lair:6)
  Grinder (D:4)
  7 hippogriffs
  2 spriggans
  10 wyverns
  2 wraiths (D:15)
  53 yaks
  4 shadows
  4 redbacks
  A water elemental (D:15)
  4 basilisks
  A hungry ghost (D:8)
  2 vampire mosquitoes (D:12)
  4 wargs
  An acid dragon (D:13)
  27 water moccasins
  A swamp drake (Lair:3)
  17 porcupines
  3 black bears
  8 sky beasts
  4 ice beasts
  25 orc warriors
  3 slaves
  2 phantoms
  21 ogres
  13 wolves
  3 eyes of draining
  2 necrophages
  21 centaurs
  16 crocodiles
  A big kobold (D:13)
  Blork the orc (D:4)
  31 bullfrogs
  7 scorpions
  A water moccasin skeleton (D:6)
  9 killer bees
  8 wights
  2 vampire bats (Lair:3)
  5 howler monkeys
  3 electric eels
  2 bullfrog zombies
  7 crimson imps
  19 jellies
  A quasit (D:12)
  2 hounds
  17 orc priests
  2 bullfrog skeletons
  Crazy Yiuf (D:3)
  Natasha (thrice) (D:4)
  Terence (D:3)
  2 iguanas
  37 orc wizards
  8 worker ants
  2 hound zombies
  A hound skeleton (D:5)
  Robin (D:4)
  4 worker ant zombies
  A howler monkey zombie (D:6)
  A gnoll (Bailey)
  15 adders
  4 shadow imps
  2 oozes (Lair:5)
  An adder zombie (D:9)
  5 worms
  2 dart slugs
  5 leopard geckos
  70 orcs
  3 ball pythons
  15 bats
  3 giant cockroaches
  13 goblins
  5 hobgoblins
  8 jackals
  3 quokkas
  A ball python zombie (D:6)
  5 frilled lizards
  2 jackal skeletons
  21 kobolds
  A leopard gecko skeleton (D:4)
  5 rats
  A bush (Lair:2)
  6 fungi
  13 plants
812 creatures vanquished.

Vanquished Creatures (others)
  An orc wizard (Orc:2)
  55 fungi
  41 plants
97 creatures vanquished.

Grand Total: 909 creatures vanquished

Notes
Turn   | Place    | Note
-------+----------+-------------------------------------------
     0 | D:1      | letownia2 the Deep Dwarf Necromancer began the quest for the Orb.
     0 | D:1      | Reached XP level 1. HP: 15/15 MP: 3/3
    94 | D:2      | Found a faded altar of an unknown god.
   103 | D:2      | Reached XP level 2. HP: 22/22 MP: 0/5
   292 | D:2      | Reached XP level 3. HP: 25/28 MP: 2/6
   297 | D:2      | Learned a level 3 spell: Vampiric Draining
   335 | D:2      | Reached skill level 5 in Necromancy
   459 | D:3      | Noticed Terence
   467 | D:4      | Noticed Grinder
   468 | D:4      | Noticed Blork the orc
   479 | D:3      | Killed Terence
   479 | D:3      | Reached XP level 4. HP: 30/36 MP: 1/8
   552 | D:4      | Found Etuus's Book Boutique.
   576 | D:4      | Found Syoxyczu's Gadget Shop.
   749 | D:4      | Found Ozecir's Magic Scroll Shoppe.
   792 | D:4      | Found Wylall's Jewellery Shoppe.
   856 | D:4      | Killed Blork the orc
   856 | D:4      | Reached XP level 5. HP: 34/42 MP: 1/9
   986 | D:4      | Found a burning altar of Makhleb.
   986 | D:4      | Noticed a cacodemon
  1023 | D:4      | Noticed an ogre
  1063 | D:4      | Found Geeherghate's Gadget Emporium.
  1064 | D:4      | Got an iridescent hunting sling
  1132 | D:4      | Reached skill level 1 in Evocations
  1226 | D:4      | Noticed Natasha
  1237 | D:4      | Killed Natasha
  1352 | D:4      | Noticed an ogre
  1360 | D:4      | Killed an ogre
  1360 | D:4      | Reached XP level 6. HP: 31/49 MP: 3/10
  1783 | D:4      | Noticed Natasha
  1792 | D:4      | Killed Natasha
  1793 | D:4      | Noticed an orange demon
  1793 | D:4      | Noticed an orange demon
  1816 | D:4      | Killed Grinder
  1816 | D:4      | Reached skill level 5 in Evocations
  1816 | D:4      | Reached XP level 7. HP: 27/55 MP: 7/11
  1817 | D:4      | Noticed Robin
  1882 | D:4      | Noticed Natasha
  2062 | D:5      | Entered Level 5 of the Dungeon
  2078 | D:5      | Noticed Regeox's ghost (novice HuGl)
  2419 | D:5      | Identified the +7 hunting sling "Qelaserr" {velocity, +Inv rElec SInv} (You found it on level 4 of the Dungeon)
  2444 | D:5      | Reached skill level 1 in Fighting
  2444 | D:5      | Reached XP level 8. HP: 26/64 MP: 2/13
  2583 | D:5      | Found a shimmering altar of Xom.
  2583 | D:5      | Found a shimmering altar of Xom.
  2742 | D:5      | Found a shimmering altar of Xom.
  2743 | D:5      | Found a shimmering altar of Xom.
  2745 | D:5      | Found a shimmering altar of Xom.
  2745 | D:5      | Found a shimmering altar of Xom.
  3123 | D:6      | Found Alit's Antique Weapon Shoppe.
  3165 | D:6      | Found a staircase to the Ecumenical Temple.
  3189 | Temple   | Entered the Ecumenical Temple
  3199 | Temple   | Became a worshipper of Gozag Ym Sagoz the Greedy
  3462 | D:6      | Reached skill level 5 in Spellcasting
  3795 | D:3      | Reached skill level 1 in Axes
  4009 | D:3      | Found a runed door.
  4014 | D:3      | Noticed Crazy Yiuf
  4015 | D:3      | Killed Crazy Yiuf
  5107 | D:4      | Killed Natasha
  5155 | D:4      | Killed Robin
  5593 | D:7      | Found a sacrificial altar of Ru.
  5594 | D:7      | Noticed a two-headed ogre
  5602 | D:7      | Killed a two-headed ogre
  5602 | D:7      | Gained mutation: You passively map the area around you. [Deep Dwarf growth]
  5602 | D:7      | Reached XP level 9. HP: 60/73 MP: 17/20
  6063 | D:7      | Noticed Pikel
  6116 | D:8      | Reached skill level 2 in Axes
  6152 | D:8      | Reached skill level 3 in Axes
  6201 | D:8      | Reached skill level 4 in Axes
  6209 | D:8      | Noticed Gastronok
  6334 | D:8      | Reached skill level 5 in Axes
  6449 | D:8      | Reached skill level 6 in Axes
  6475 | D:8      | Found a flagged portal.
  6503 | D:8      | Reached skill level 7 in Axes
  6503 | D:8      | Reached XP level 10. HP: 51/80 MP: 10/22
  6532 | Bailey   | Entered a bailey
  6883 | Bailey   | Found a burning altar of Makhleb.
  7181 | D:8      | Killed Gastronok
  7181 | D:8      | Reached skill level 5 in Fighting
  7234 | D:8      | Found a staircase to the Lair.
  7803 | D:9      | Killed an unseen horror
  7806 | D:9      | Noticed a two-headed ogre
  7807 | D:9      | Reached skill level 10 in Necromancy
  7823 | D:9      | Reached XP level 11. HP: 82/94 MP: 0/24
  8042 | D:9      | Found a bloodstained altar of Trog.
  8043 | D:9      | Found a shattered altar of Ashenzari.
  8048 | D:9      | Found a deep blue altar of Sif Muna.
  8048 | D:9      | Found a basalt altar of Yredelemnul.
  8048 | D:9      | Found a snail-covered altar of Cheibriados.
  8065 | D:9      | Killed a two-headed ogre
  8523 | D:6      | Killed Pikel
  8652 | D:9      | Found an ancient bone altar of Kikubaaqudgha.
  8784 | D:10     | Entered Level 10 of the Dungeon
  8887 | D:10     | Noticed Urug
  8901 | D:10     | Noticed Joseph
  8917 | D:10     | Killed Joseph
  9149 | D:10     | Killed an unseen horror
  9328 | D:10     | Found a staircase to the Orcish Mines.
  9610 | D:10     | Killed Urug
  9824 | D:11     | Noticed a two-headed ogre
  9830 | D:11     | Killed a two-headed ogre
  9953 | D:11     | Killed an unseen horror
 10100 | D:11     | Got a steaming golden ring
 10320 | D:11     | Reached skill level 5 in Armour
 10482 | Lair:1   | Entered Level 1 of the Lair of Beasts
 10657 | Lair:1   | Identified the ring "Laoqan" {+Fly MR+ Int+6 Dex+3} (You found it on level 11 of the Dungeon)
 10792 | Lair:1   | Found a deep blue altar of Sif Muna.
 10818 | Lair:1   | Reached XP level 12. HP: 88/103 MP: 25/25
 11494 | Lair:2   | Reached skill level 8 in Axes
 11711 | Lair:2   | Reached skill level 9 in Axes
 11719 | Lair:2   | Found a hole to the Spider Nest.
 11952 | Lair:2   | Reached skill level 10 in Axes
 11976 | Lair:2   | Noticed Harold
 11994 | Lair:2   | Killed Harold
 12099 | Lair:2   | Noticed a seven-headed hydra
 12112 | Lair:2   | Killed a three-headed hydra
 12112 | Lair:2   | Reached skill level 11 in Axes
 12175 | Lair:2   | Noticed Fannar
 12188 | Lair:2   | Killed Fannar
 12541 | Lair:2   | Noticed a five-headed hydra
 12552 | Lair:2   | Killed a one-headed hydra
 12723 | Lair:3   | Reached skill level 12 in Axes
 12781 | Lair:3   | Noticed a four-headed hydra
 12788 | Lair:3   | Killed a one-headed hydra
 12789 | Lair:3   | Noticed a six-headed hydra
 13048 | Lair:3   | Killed a one-headed hydra
 13152 | Lair:3   | Reached skill level 13 in Axes
 13164 | Lair:3   | Reached XP level 13. HP: 68/111 MP: 26/26
 13463 | Lair:3   | Found a staircase to the Swamp.
 13798 | Orc:1    | Entered Level 1 of the Orcish Mines
 14051 | Orc:2    | Entered Level 2 of the Orcish Mines
 14185 | Orc:2    | Found Esealack's Antique Armour Emporium.
 14257 | Orc:2    | Found Leent's Antique Weapon Emporium.
 14794 | Orc:2    | Found a staircase to the Elven Halls.
 15272 | Orc:2    | Found Waz Kikiorgh's General Store.
 15272 | Orc:2    | Found Funyfera's Magic Scroll Shoppe.
 15272 | Orc:2    | Found Reucay's Magic Scroll Shoppe.
 15275 | Orc:2    | Found Tidwuom's Jewellery Emporium.
 15282 | Orc:2    | Bought 2 scrolls of brand weapon for 560 gold pieces
 15870 | Lair:4   | Reached skill level 14 in Axes
 16613 | Lair:5   | Found a staircase to the Slime Pits.
 16754 | Lair:5   | Gained mutation: You resist negative energy. (rN+) [Deep Dwarf growth]
 16754 | Lair:5   | Reached XP level 14. HP: 118/127 MP: 27/27
 17537 | Lair:2   | Learned a level 5 spell: Silence
 17544 | Lair:2   | Learned a level 6 spell: Deflect Missiles
 17548 | Lair:2   | Learned a level 3 spell: Portal Projectile
 17552 | Lair:2   | Learned a level 3 spell: Inner Flame
 17774 | D:12     | Found Foskesm's Distillery.
 17898 | D:12     | Got a twisted flail
 17901 | D:12     | Identified the +8 flail "Utaumela" {crush, Dex+5} (You found it on level 12 of the Dungeon)
 18003 | D:12     | Reached skill level 15 in Axes
 19319 | Orc:2    | Bought a scroll of remove curse for 39 gold pieces
 19908 | D:14     | Reached skill level 16 in Axes
 20021 | D:14     | Got a faintly humming chain mail
 20045 | D:14     | Identified the +7 chain mail of Zin's Fury {Int+4} (You found it on level 14 of the Dungeon)
 20139 | D:14     | Found a gate to the Vaults.
 20422 | D:15     | Entered Level 15 of the Dungeon
 20522 | D:15     | Reached skill level 5 in Dodging
 20798 | D:14     | Reached XP level 15. HP: 103/134 MP: 22/28
 21469 | D:15     | Reached skill level 10 in Fighting
 21475 | D:15     | Reached skill level 17 in Axes
 21875 | Lair:6   | Entered Level 6 of the Lair of Beasts
 22574 | Lair:6   | Noticed Atash's ghost (journeyman MiBe)
 22695 | Lair:2   | Bought a scroll labeled QAOXOL AKHLOS for 36 gold pieces
 23162 | Lair:6   | Reached skill level 15 in Necromancy
 23819 | D:15     | Found Bonouxze's Antique Armour Emporium.
 23889 | D:14     | Quit the game

Skill      XL: |  1  2  3  4  5  6  7  8  9 10 11 12 13 14 15 |
---------------+----------------------------------------------+-----
Spellcasting   | 2 3 7 8 9 |  9.5
Necromancy     | 5 6 7 8 10 13 14 15 | 15.0
Armour         | 2 6 7 8 9 |  9.1
Evocations     | 2 5 |  5.3
Fighting       | 1 2 5 8 9 10 | 10.8
Axes           | 1 7 13 14 16 17 | 17.4
Dodging        | 4 5 |  5.9
Stealth        | |  2.4

Action                   |  1- 3 |  4- 6 |  7- 9 | 10-12 | 13-15 || total
-------------------------+-------+-------+-------+-------+-------++-------
Melee: Dagger            |     1 |     1 |       |       |       ||     2
       Trident           |       |    22 |   133 |       |       ||   155
       War axe           |       |       |    46 |   463 |  1054 ||  1563
       Demon whip        |       |       |       |       |    12 ||    12
 Fire: Hunting sling     |       |       |   129 |    16 |     7 ||   152
       Blowgun           |       |       |       |       |     3 ||     3
Throw: Javelin           |       |       |     2 |     6 |     2 ||    10
 Cast: Pain              |    36 |    38 |    92 |    83 |    36 ||   285
       Vampiric Draining |       |    13 |    56 |   253 |   581 ||   903
Invok: Call Merchant     |       |       |     1 |       |     5 ||     6
Evoke: Wand              |       |     4 |     1 |    11 |    29 ||    45
       Lamp of fire      |       |       |       |       |     1 ||     1
  Use: Scroll            |       |     2 |    11 |    12 |    12 ||    37
       Potion            |       |       |       |     3 |     1 ||     4
 Stab: Sleeping          |       |     2 |       |       |       ||     2
       Distracted        |       |     1 |       |       |     8 ||     9
       Confused          |       |       |       |       |     2 ||     2
  Eat: Chunk             |       |     4 |     8 |     4 |       ||    16
       Meat ration       |       |       |     2 |     2 |     4 ||     8
       Royal jelly       |       |       |       |     2 |     4 ||     6
       Fruit             |       |       |       |     9 |       ||     9
       Bread ration      |       |       |       |       |     2 ||     2
Armor: Robe              |     1 |       |       |       |       ||     1
       Ring mail         |     6 |    11 |   137 |    19 |       ||   173
       Scale mail        |       |       |       |    36 |       ||    36
       Leather armour    |       |       |       |   156 |       ||   156
       Chain mail        |       |       |       |   193 |  1002 ||  1195
Dodge: Dodged            |    18 |    31 |   130 |   262 |   671 ||  1112
